 Dungeon Crawl Stone Soup version 0.30-a0-377-g5cb311bc9f (webtiles) character file.

Game seed: 8874379378335669650

63 bande the Trooper (level 4, 0/29 HPs)
             Began as a Gargoyle Fighter on Nov 27, 2022.
             Slain by an orc
             ... wielding a +0 dagger
              (4 damage)
             ... on level 3 of the Dungeon.
             The game lasted 00:02:31 (1712 turns).

bande the Trooper (Gargoyle Fighter)                Turns: 1712, Time: 00:02:31

Health: 0/29       AC: 10    Str: 19    XL:     4   Next: 9%
Magic:  4/4        EV:  9    Int:  9    God:
Gold:   116        SH:  4    Dex: 11    Spells: 3/3 levels left

rFire   . . .      SeeInvis .    a - +0 war axe
rCold   . . .      Faith    .    c - +0 buckler
rNeg    + . .      Spirit   .    b - +0 scale mail
rPois   ∞          Reflect  .    (no helmet)
rElec   +          Harm     .    r - scarf {repulsion}
rCorr   .          Rampage  .    (no gloves)
Will    .....                    (no boots)
Stlth   ..........               (no amulet)
HPRegen 0.24/turn                (no ring)
MPRegen 0.09/turn                (no ring)

@: repel missiles
A: sickness immunity, AC +3, negative energy resistance 1, electricity
resistance, torment resistance 1, petrification resistance
a: no special abilities


You were on level 3 of the Dungeon.
You visited 1 branch of the dungeon, and saw 3 of its levels.

You collected 126 gold pieces.
You spent 10 gold pieces at shops.

Inventory:

Hand Weapons
 a - a +0 war axe (weapon)
Armour
 b - a +0 scale mail (worn)
 c - a +0 buckler (worn)
 r - a scarf of repulsion (worn)
Jewellery
 j - a ring of fire
 l - a ring of willpower
Scrolls
 e - a scroll of enchant armour {unknown}
 f - 2 scrolls of identify {unknown}
 g - a scroll of silence {unknown}
 h - a scroll of amnesia {unknown}
 m - a scroll of poison {unknown}
 n - a scroll of noise {unknown}
 o - 2 scrolls of fog {unknown}
 p - a scroll of magic mapping {unknown}
Potions
 d - 2 potions of might
 i - a potion of attraction {unknown}
 k - a potion of curing {unknown}
 q - a potion of flight {unknown}


   Skills:
 + Level 3.9 Fighting
 + Level 2.9 Axes
 + Level 3.6 Armour
 + Level 3.5 Shields


You had 3 spell levels left.
You didn't know any spells.
Your spell library contained the following spells:

 Spells                   Type           Power      Damage    Failure   Level
 Foxfire                  Conj/Fire      0%         2x1d4     83%         1
 Fireball                 Conj/Fire      0%         3d3       100%        5
 Starburst                Conj/Fire      0%         6d3       100%        6


Dungeon Overview and Level Annotations

Branches:
Dungeon (3/15)

Altars:

Shops:
D:2 !


Innate Abilities, Weirdness & Mutations

You are immune to sickness and miasma.
Your stone body is resilient. (AC +3)
You are immune to poison.
You resist negative energy. (rN+)
You are resistant to electric shocks. (rElec)
You are resistant to unholy torment.
You are immune to petrification.


Message History

The orc shouts!
An orc comes into view. It is wielding a +0 short sword.
An orc and an orc priest come into view.
The orc shouts!
The orc priest shouts!
A jackal comes into view.
Found a lumpy puce potion.
The jackal barks!
The orc priest mumbles some strange prayers to Beogh against you.
Beogh smites you! The orc hits you but does no damage.
You slash the orc!
You kill the orc!
You barely miss the orc. You hit the orc but do no damage.
A jackal comes into view.
The orc barely misses you. The orc hits you but does no damage.
The jackal stops to sniff the ground.
You barely miss the orc priest.
The jackal barks!
You hit the orc. You closely miss the jackal. You hit the orc.
You hear a bark!
The jackal closely misses you. The orc hits you but does no damage.
The orc priest hits you with a +0 whip. The orc hits you but does no damage.
The jackal closely misses you. The orc closely misses you.
The orc priest hits you with a +0 whip. You block the orc's attack.
You hit the orc.
The orc is heavily wounded.
You barely miss the orc. You slash the jackal!
You kill the jackal!
You hit the orc priest but do no damage.
A jackal comes into view.
The orc hits you but does no damage. The orc barely misses you.
The orc priest mumbles some strange prayers to Beogh against you.
Beogh smites you!
* * * LOW HITPOINT WARNING * * *
A jackal comes into view.
You completely miss the orc.
The orc is heavily wounded.
You barely miss the orc. You closely miss the orc priest.
The jackal barks!
The orc hits you but does no damage. The orc hits you with a +0 dagger.
You die...

.. .#....... ..
..........?... #.
...........h. #..
#..........h.
#..###............
#####...#............
.....................
....#.###....oh......
..#......<...@o......
......#####...o...###
.#### ......<...#
##.........#
....#?......#
....##......... .#...
#.......!. ...#
#.#####...


You could see an orc priest, 2 orcs and 3 jackals.

Vanquished Creatures
  An adder (D:2)
  A dart slug (D:1)
  An orc (D:3)
  3 bats (D:1)
  7 endoplasms
  3 giant cockroaches
  7 goblins
  5 hobgoblins
  A jackal (D:3)
  3 kobolds
  2 quokkas (D:1)
  5 ball pythons
  2 frilled lizards
  A rat (D:1)
42 creatures vanquished.

Notes
Turn   | Place    | Note
-------+----------+-------------------------------------------
     0 | D:1      | bande the Gargoyle Fighter began the quest for the Orb.
     0 | D:1      | Reached XP level 1. HP: 14/14 MP: 1/1
    89 | D:1      | Reached XP level 2. HP: 19/19 MP: 2/2
   326 | D:1      | Found a faded altar of an unknown god.
   431 | D:1      | Reached XP level 3. HP: 23/23 MP: 3/3
  1132 | D:2      | Found Iqehogarro's Distillery.
  1140 | D:2      | Bought a potion of degeneration for 10 gold pieces
  1606 | D:2      | Reached XP level 4. HP: 25/29 MP: 4/4
  1712 | D:3      | Slain by an orc

Illustrated notes

Levels and vault maps discovered:
D:1:      lemuel_arrival_hallway, layout_basic, basic_ecumenical_altar
D:2:      layout_loops_ring, serial_shops, nicolae_shop_trees
D:3:      layout_rooms, grunt_temple_overflow_champion_of_chaos,
          kennysheep_cross_bottleneck, serial_park_tiny_1

Skill      XL: |  1 |
---------------+----+-----
Axes           | 2 |  2.9
Fighting       | |  3.9
Armour         | |  3.6
Shields        | |  3.5

Action                   |  1- 3 |  4- 6 || total
-------------------------+-------+-------++-------
Melee: War axe           |   114 |     7 ||   121
Armor: Scale mail        |    59 |     7 ||    66
Dodge: Dodged            |    51 |     5 ||    56
Block: Buckler           |    26 |     1 ||    27

Table legend: (Time is in decaauts)
 A = Elapsed time spent in this place.
 B = Non-inter-level travel time spent in this place.
 C = Inter-level travel time spent in this place.
 D = Time resting spent in this place.
 E = Time spent auto-exploring this place.
 F = Levels seen in this place.
 G = Mean time per level.
                   A        B        C        D        E       F      G
               +--------+--------+--------+--------+--------+-----+--------+
         Total |   1761 |   1644 |    117 |      0 |   1299 |   3 |  587.0 |
       Dungeon |   1761 |   1644 |    117 |      0 |   1299 |   3 |  587.0 |
               +--------+--------+--------+--------+--------+-----+--------+

Top non-repeatable levels by time:
     D:1: 921 daAuts
     D:2: 816 daAuts
     D:3: 23 daAuts
